 Dungeon Crawl Stone Soup version 0.18-a0-19-g8b99b3a (webtiles) character file.

53 Nopony the Conjurer (level 3, 0/19 HPs)
             Began as a Deep Elf Conjurer on Nov 1, 2015.
             Slain by an adder (2 damage)
             ... on level 2 of the Dungeon.
             The game lasted 00:09:19 (1848 turns).

Nopony the Conjurer (Deep Elf Conjurer)             Turns: 1848, Time: 00:09:20

Health: 0/19       AC:  2    Str:  5    XL:     3   Next: 62%
Magic:  10/10      EV: 13    Int: 20    God:
Gold:   22         SH:  0    Dex: 15    Spells: 2 memorised, 6 levels left

rFire  . . .     SeeInvis .     (no weapon)
rCold  . . .     Clarity  .     a - +0 robe
rNeg   . . .     SustAt   .     (no shield)
rPois  .         Gourm    .     (no helmet)
rElec  .         Spirit   .     (no cloak)
rCorr  .         Warding  .     (no gloves)
rMut   .         Stasis   .     (no boots)
MR     .....                    (no amulet)
Stlth  ++........               (no ring)
                                (no ring)

@: lethally poisoned (0 -> -3), not resistant to hostile enchantments,
unstealthy
A: no striking features
a: no special abilities


You were on level 2 of the Dungeon.
You were not hungry.

You visited 1 branch of the dungeon, and saw 2 of its levels.

You collected 22 gold pieces.

Inventory:

Hand Weapons
 f - a +0 spear
Missiles
 d - 16 sling bullets
Armour
 a - a +0 robe (worn)
Scrolls
 g - a scroll of enchant weapon {unknown}
 j - 2 scrolls of identify
 m - 2 scrolls of teleportation {unknown}
Potions
 e - a potion of haste {unknown}
 i - a potion of ambrosia {unknown}
 l - a potion of magic {unknown}
Books
 b - a book of Conjurations

   Spells                             Type                      Level
   a - Magic Dart                     Conjuration                  1
   b - Searing Ray                    Conjuration                  2
   c - Dazzling Spray                 Conjuration/Hexes            3
   d - Fulminant Prism                Conjuration/Hexes            4
   e - Iskenderun's Mystic Blast      Conjuration                  4
   f - Iskenderun's Battlesphere      Conjuration/Charms           5
Comestibles
 c - 2 bread rations
 h - a royal jelly
 k - 2 beef jerkies


   Skills:
 + Level 2.5 Dodging
 + Level 2.6 Stealth
 * Level 3.6 Spellcasting
 + Level 5.5 Conjurations


You had 6 spell levels left.
You knew the following spells:

 Your Spells              Type           Power        Failure   Level  Hunger
a - Magic Dart            Conj           ####         1%          1    None
b - Searing Ray           Conj           ####..       2%          2    ##.....


Dungeon Overview and Level Annotations

Branches:
Dungeon (2/15)

Altars:


Message History

The bat hits you. The bat hits you but does no damage.
The giant cockroach barely misses you.
Found an escape hatch in the floor.
An adder comes into view.
You feel sick. The bat hits you but does no damage.
The bat hits you but does no damage. The bat closely misses you.
The bat hits you but does no damage. The bat barely misses you.
* * * LOW HITPOINT WARNING * * *
You feel sick. The bat hits you but does no damage.
The bat hits you but does no damage. x2
* * * LOW HITPOINT WARNING * * *
You feel sick. The bat hits you.
* * * LOW HITPOINT WARNING * * *
The bat hits you but does no damage. The bat barely misses you.
The bat misses you. The bat hits you.
* * * LOW HITPOINT WARNING * * *
The adder bites you.
You die...

..........# #.###...........#
.w.(......# ###.####..........##
..........###<.................#
#.............#....###...........
##.##..............#...######.###
#.##.#........<..##.### #.#
##....#...........##.# #..
......#..#......#....# .#
...##########...@.## ...#......
#..bSb##### ...#......
#......#..## รท..#...###
#....s.....# ...'.)#[.#
+..........# ..('K.#(.#
+......K...# ...#.K###.
####..##S.## ..K# .....
########K..# # ..># ....
#.##.....#......


You could see 2 adders, a giant cockroach, 2 bats and 2 kobolds.

Vanquished Creatures
  3 adders (D:2)
  A worm (D:2)
  A giant gecko (D:2)
  A ball python (D:2)
  3 hobgoblins (D:1)
  3 kobolds
  A quokka (D:2)
  2 bats (D:2)
  3 giant newts
  4 goblins
  2 rats
24 creatures vanquished.

Notes
Turn   | Place    | Note
--------------------------------------------------------------
     0 | D:1      | Nopony the Deep Elf Conjurer began the quest for the Orb.
     0 | D:1      | Reached XP level 1. HP: 10/10 MP: 6/6
   702 | D:1      | Reached XP level 2. HP: 15/15 MP: 6/8
   706 | D:1      | Learned a level 2 spell: Searing Ray
   903 | D:2      | Reached skill level 5 in Conjurations
   997 | D:2      | Reached XP level 3. HP: 12/19 MP: 1/9
  1848 | D:2      | Slain by an adder

Vault maps used:
D:1:      onia_arrival_pentagram, grunt_decor_clamped
D:2:      first_bread, kennysheep_generic_room_7

Action                   || total
-------------------------++-------
 Cast: Magic Dart        ||    62
  Use: Scroll            ||     2
  Eat: Fruit             ||     2
       Beef jerky        ||     1
